 Dungeon Crawl Stone Soup version 0.32-a0-981-g384da2ce10 (webtiles) character file.

Game seed: 3612054267578208614

5130 senseless the Fighter (level 10, -12/124 HPs)
             Began as a Coglin Berserker on Apr 20, 2024.
             Was a High Priest of Trog.
             Killed from afar by Erica (28 damage)
             ... with a bolt of poison
             ... on level 9 of the Dungeon.
             The game lasted 00:23:59 (7991 turns).

senseless the Fighter (Coglin Berserker)            Turns: 7991, Time: 00:24:00

Health: -12/124    AC: 12    Str: 22    XL:     10   Next: 58%
Magic:  19/19      EV:  5    Int:  7    God:    Trog [*****.]
Gold:   425        SH:  0    Dex: 18    Spells: 9/9 levels left

rFire   + + .        o - +4 demon blade (elec) {Ælfthryth}
rCold   + . .        h - +3 short sword (elec) {Ermengarde}
rNeg    . . .        u - +2 ring mail {rF+}
rPois   .            b - +3 helmet of Gallantry {MP+9 Str+5}
rElec   .            A - scarf {rC+ rF+}
rCorr   .            (no gloves)
SInv    .            i - +0 pair of boots
Will    +....        (amulet unavailable) Stlth
                     (ring unavailable)
HPRegen 0.40/turn    (ring unavailable)
MPRegen 0.16/turn    (no gizmo)

%: no passive effects
@: berserking, lethally poisoned (-12 -> -31), constricted, revved, very quick
A: off-hand wielding, slow wielding, warmup strikes, no jewellery, strong-willed
1, wild magic 1
a: Invent Gizmo, Renounce Religion, Berserk, Trog's Hand, Brothers in Arms


You were on level 9 of the Dungeon.
You worshipped Trog.
Trog was extremely pleased with you.
You visited 1 branch of the dungeon, and saw 9 of its levels.
You also visited: Sewer.

You collected 425 gold pieces.

Inventory:

Hand Weapons
 a - a +0 falchion of freezing {Adalbert}
 h - a +3 short sword of electrocution (offhand) {Ermengarde}
 o - a +4 demon blade of electrocution (weapon) {Ælfthryth}
 w - a +0 dagger of speed
Missiles
 g - 12 curare-tipped darts
 y - 2 throwing nets
Armour
 b - the +3 helmet of Gallantry (worn) {MP+9 Str+5}
   (You acquired it on level 3 of the Dungeon)

   Str+5:     It affects your strength (+5).
   MP+9:      It affects your magic capacity (+9).
 d - the +2 robe "Ekhyig" {Rampage Stlth+}
   (You found it on level 3 of the Dungeon)

   Rampage:   It bestows one free step when moving towards enemies.
   Stlth+:    It makes you more stealthy.
 i - a +0 pair of boots (worn)
 u - a +2 ring mail of fire resistance (worn)
 A - a scarf of resistance (worn)
Wands
 n - a wand of iceblast (11)
 v - a wand of mindburst (16)
 z - a wand of flame (12)
Scrolls
 e - a scroll of brand weapon
 k - a scroll of fog
 r - a scroll of teleportation
 s - a scroll of blinking
 x - a scroll of poison
 B - a scroll of vulnerability {unknown}
Potions
 c - a potion of might
 f - 2 potions of lignification
 j - a potion of curing
 l - a potion of haste
 m - a potion of cancellation
 p - 3 potions of magic
 q - 4 potions of heal wounds
 t - a potion of resistance


   Skills:
 + Level 9.5 Fighting
 + Level 9.4 Long Blades
 - Level 1.7 Armour
 + Level 8.3 Dodging


You had 9 spell levels left.
You didn't know any spells.
Your spell library was empty.

Dungeon Overview and Level Annotations

Branches:
Dungeon (9/15)             Temple (0/1) D:7           Sewer (visited)
   Lair: D:8-11         Orc: D:9-12

Altars:
Fedhas
Makhleb
Nemelex Xobeh
Okawaru
Sif Muna
Vehumet
Wu Jian
Zin

Annotations:
D:9 Erica, Maggie


Innate Abilities, Weirdness & Mutations

You can wield a second weapon in your off-hand.
It takes a long time for you to wield or remove held weapons.
Your first few attacks do less damage.
You cannot equip rings or amulets.
You are strong-willed. (Will+)
Your spells are a little harder to cast, but a little more powerful.


Message History

You are constricted.
The orc wizard hits you but does no damage.
Maggie hits you with a +2 broad axe of flaming!
Maggie burns you.
You are too injured to fight recklessly!
You are too injured to fight recklessly!
You are too injured to fight recklessly!
You are too injured to fight recklessly!
You are too injured to fight recklessly!
You are too injured to fight recklessly!
You are too injured to fight recklessly!
You are too injured to fight recklessly!
You are too injured to fight recklessly!
You are too injured to fight recklessly!
You are too injured to fight recklessly!
You are too injured to fight recklessly!
You are too injured to fight recklessly!
You are too injured to fight recklessly!
You are too injured to fight recklessly!
You are too injured to fight recklessly!
You are too injured to fight recklessly!
You are too injured to fight recklessly!
You feel better.
You hear a zap.
A bolt of light appears from out of thin air!
The bolt of light hits you!!
* * * LOW HITPOINT WARNING * * *
You are constricted.
The orc wizard completely misses you.
Maggie hits you with a +2 broad axe of flaming!
* * * LOW HITPOINT WARNING * * *
Maggie burns you.
* * * LOW HITPOINT WARNING * * *
A red film seems to cover your vision as you go berserk!
You feel yourself moving faster!
You feel mighty!
The orc wizard hits you but does no damage.
You hear some strange, mumbled words.
A bolt of poison appears from out of thin air!
The bolt of poison hits you!!
You are lethally poisoned!
You die...

... ....
....###### ..#
.........# ....
.........###....
...............
......{o@....#
#@.....#
#.)....#
#......#
#.<.$..#
+#+####......#
..........####
.........#
###......#
#......#


You could see Maggie and an orc wizard.

Vanquished Creatures
  A two-headed ogre (D:8)
  Pikel (D:5)
  Grinder (D:3)
  A wyvern (D:8)
  2 water moccasins (D:6)
  3 orc warriors
  2 sky beasts (D:7)
  2 ice beasts
  4 ogres
  4 centaurs
  2 lemures (D:5)
  A kobold brigand (D:8)
  3 phantoms
  2 bullfrogs (D:7)
  2 brain worms (Sewer)
  A scorpion (D:6)
  7 wights
  A killer bee (D:6)
  2 howler monkeys
  4 hounds
  6 orc priests
  2 jellies
  A sleepcap (D:5)
  Ijyb (D:5)
  An iguana (D:5)
  12 orc wizards
  Terence (D:3)
  Robin (D:2)
  12 adders
  9 river rats
  A shadow imp (D:8)
  A white imp (D:7)
  2 ufetubi (D:6)
  4 dart slugs
  3 ribbon worms
  23 orcs
  8 endoplasms
  4 giant cockroaches
  20 goblins
  14 hobgoblins
  6 jackals
  16 kobolds
  3 quokkas
  7 ball pythons
  3 bats
  10 frilled lizards
  11 rats
228 creatures vanquished.

Notes
Turn   | Place    | Note
-------+----------+-------------------------------------------
     0 | D:1      | senseless the Coglin Berserker began the quest for the Orb.
     0 | D:1      | Reached XP level 1. HP: 18/18 MP: 1/1
   106 | D:1      | You fall into a shaft and drop 1 floor!
   106 | D:2      | Found a glowing silver altar of Zin.
   130 | D:1      | Reached XP level 2. HP: 22/24 MP: 2/2
   218 | D:1      | Reached ** piety under Trog
   322 | D:1      | Reached XP level 3. HP: 26/29 MP: 3/3
   709 | D:2      | Noticed Robin
   715 | D:2      | Killed Robin
   725 | D:2      | Reached XP level 4. HP: 16/37 MP: 4/4
  1040 | D:2      | Reached *** piety under Trog
  1480 | D:3      | Noticed an ice beast
  1484 | D:3      | Killed an ice beast
  1485 | D:3      | Reached XP level 5. HP: 29/43 MP: 5/5
  1609 | D:3      | Noticed Terence
  1619 | D:3      | Killed Terence
  1622 | D:3      | Reached XP level 6. HP: 46/49 MP: 6/6
  1811 | D:3      | Noticed Grinder
  1815 | D:3      | Paralysed by Grinder for 5 turns
  1821 | D:3      | Killed Grinder
  1822 | D:3      | Reached skill level 5 in Fighting
  1822 | D:3      | Reached skill level 5 in Long Blades
  1822 | D:3      | Reached XP level 7. HP: 56/56 MP: 7/7
  1875 | D:3      | Identified a scroll of acquirement
  1875 | D:3      | Acquired the +3 helmet of Gallantry {MP+9 Str+5}
  2096 | D:3      | Identified the +2 robe "Ekhyig" {Rampage Stlth+}
  2454 | D:4      | Found a blossoming altar of Fedhas.
  2454 | D:4      | Found a burning altar of Makhleb.
  2456 | D:4      | Found an ornate altar of the Wu Jian Council.
  2456 | D:4      | Found an iron altar of Okawaru.
  2456 | D:4      | Found a sparkling altar of Nemelex Xobeh.
  2456 | D:4      | Found a shimmering blue altar of Sif Muna.
  2552 | D:4      | Found a glowing drain.
  2556 | Sewer    | Entered a sewer
  2782 | Sewer    | Reached **** piety under Trog
  3504 | D:4      | Reached XP level 8. HP: 63/64 MP: 8/8
  3539 | D:4      | Reached skill level 5 in Dodging
  3964 | D:5      | Entered Level 5 of the Dungeon
  4045 | D:5      | Noticed Ijyb
  4053 | D:5      | Killed Ijyb
  4322 | D:5      | Noticed Pikel
  4343 | D:5      | Killed Pikel
  4910 | D:5      | Reached XP level 9. HP: 55/72 MP: 9/9
  5177 | D:6      | Found a radiant altar of Vehumet.
  6653 | D:7      | Reached XP level 10. HP: 80/82 MP: 10/10
  6662 | D:7      | Found a staircase to the Ecumenical Temple.
  6984 | D:8      | Reached ***** piety under Trog
  7024 | D:8      | Gained mutation: Your spells are a little harder to cast,
                  | but a little more powerful. [potion of mutation]
  7024 | D:8      | Gained mutation: You are frail. (-10% HP) [potion of
                  | mutation]
  7024 | D:8      | Gained mutation: Armour fits poorly on your strangely
                  | shaped body. [potion of mutation]
  7025 | D:8      | Lost mutation: You are frail. (-10% HP) [potion of
                  | mutation]
  7025 | D:8      | Lost mutation: Your spells are a little harder to cast, but
                  | a little more powerful. [potion of mutation]
  7025 | D:8      | Lost mutation: Armour fits poorly on your strangely shaped
                  | body. [potion of mutation]
  7025 | D:8      | Gained mutation: Your spells are a little harder to cast,
                  | but a little more powerful. [potion of mutation]
  7025 | D:8      | Gained mutation: You are strong-willed. (Will+) [potion of
                  | mutation]
  7257 | D:8      | Acquired a +4 demon blade of electrocution
  7660 | D:8      | Noticed a two-headed ogre
  7667 | D:8      | Killed a two-headed ogre
  7977 | D:9      | Noticed Erica
  7978 | D:9      | Noticed Maggie
  7991 | D:9      | Killed from afar by Erica

Illustrated notes

Levels and vault maps discovered:
D:1:      beargit_arrival_greenhouse, layout_basic
D:2:      layout_loops_cross, basic_altar, uniq_robin
D:3:      layout_rooms, uniq_terence, uniq_grinder
D:4:      layout_loops_ring, grunt_temple_overflow_open, serial_glass,
          glass_columns_b, glass_columns_b, glass_columns_a, glass_columns_c,
          glass_columns_b, glass_columns_b, glass_columns_b, glass_columns_c,
          glass_columns_b, glass_columns_a, gup_sewer_entry_spiral, st_stairs_10
D:5:      layout_gridville, uniq_pikel, uniq_ijyb
D:6:      layout_basic, kennysheep_little_box, minmay_diced_spiral
D:7:      layout_cave_pools, minmay_temple_entry_mini_moons
D:8:      layout_gridville
D:9:      layout_irregular_city, lair_entry_dummy, orc_0_dummy, uniq_erica,
          uniq_maggie, uniq_prince_ribbit1

Skill      XL: |  1  2  3  4  5  6  7  8  9 10 |
---------------+-------------------------------+-----
Dodging        | 2 3 4 6 7 8 |  8.3
Fighting       | 4 5 7 8 9 |  9.5
Long Blades    | 4 5 7 8 9 |  9.4
Armour         | |  1.7

Action                     |  1- 3 |  4- 6 |  7- 9 | 10-12 || total
---------------------------+-------+-------+-------+-------++-------
  Melee: Falchion          |    68 |    66 |   376 |    28 ||   538
         Dagger            |    54 |       |       |       ||    54
         Short sword       |    14 |    70 |   394 |    84 ||   562
         Demon blade       |       |       |       |    56 ||    56
  Throw: Dart              |       |     1 |       |       ||     1
 Invoke: Berserk           |       |     2 |       |     1 ||     3
    Use: Scroll            |       |       |    15 |     3 ||    18
         Potion            |       |       |       |     7 ||     7
   Stab: Sleeping          |     2 |       |     3 |       ||     5
 Armour: Animal skin       |    29 |       |       |       ||    29
         Ring mail         |    17 |    53 |   110 |    68 ||   248
         Robe              |       |       |    79 |       ||    79
  Dodge: Dodged            |    42 |    47 |   194 |    81 ||   364

Table legend: (Time is in decaauts)
 A = Elapsed time spent in this place.
 B = Non-inter-level travel time spent in this place.
 C = Inter-level travel time spent in this place.
 D = Time resting spent in this place.
 E = Time spent auto-exploring this place.
 F = Levels seen in this place.
 G = Mean time per level.
                   A        B        C        D        E       F      G
               +--------+--------+--------+--------+--------+-----+--------+
         Total |   8180 |   7869 |    311 |    441 |   5794 |  10 |  818.0 |
       Dungeon |   7184 |   6873 |    311 |    441 |   5146 |   9 |  798.2 |
         Sewer |    996 |    996 |      0 |      0 |    647 |   1 |  996.0 |
               +--------+--------+--------+--------+--------+-----+--------+

Top non-repeatable levels by time:
     D:5: 1174 daAuts
     D:6: 1172 daAuts
     D:4: 1021 daAuts
   Sewer: 996 daAuts
     D:8: 903 daAuts
     D:3: 765 daAuts
     D:2: 764 daAuts
     D:1: 652 daAuts
     D:7: 632 daAuts
     D:9: 96 daAuts
